 Dungeon Crawl Stone Soup version 0.14-a0-1413-g94b8a5e (webtiles) character file.

2699 M4edhros the Covert (level 9, -1/64 HPs)
             Began as an Octopode Artificer on Dec 11, 2013.
             Was a Believer of Yredelemnul.
             Shot with an arrow of frost by a centaur (25 damage)
             ... on Level 7 of the Dungeon.
             The game lasted 00:19:27 (9486 turns).

M4edhros the Covert (Octopode Artificer)            Turns: 9486, Time: 00:19:28

HP  -1/64        AC  1     Str 10      XL: 9   Next: 48%
MP  13/13        EV 14     Int 20      God: Yredelemnul [**....]
Gold 275         SH  0     Dex 11 (12) Spells:  1 memorised,  5 levels left

rFire  + . .     SeeInvis .     e - +2,+0 sling (flame)
rCold  x . .     Clarity  .     (no shield)
rNeg   + . .     Conserve .     (helmet restricted)
rPois  .         rCorr    .     J - amulet of warding
rElec  .         rRot     .     i - ring of fire
SustAb . .       Spirit   .     (no ring)
rMut   .         Warding  +     (no ring)
Saprov . . .     Stasis   .     (no ring)
                                (no ring)
                                (no ring)
                                (no ring)
                                (no ring)

@: slightly resistant to hostile enchantments, extremely stealthy
A: almost no armour, amphibious, 8 rings, constrict 8, camouflage 1, clever 1,
sense surroundings 1, robust 1, gelatinous body 1
a: Animate Remains, Recall Undead Slaves, Injury Mirror, Renounce Religion


You were on level 7 of the Dungeon.
You worshipped Yredelemnul.
Yredelemnul was pleased with you.
You were not hungry.

You visited 2 branches of the dungeon, and saw 8 of its levels.
You also visited: Ossuary.

You collected 275 gold pieces.

Inventory:

Hand weapons
 e - a +2,+0 sling of flame (weapon)
 h - a +1,+0 quarterstaff
 t - a cursed +0 blowgun
Missiles
 a - 41 sling bullets (quivered)
 j - 7 needles of sleeping
 n - 86 stones
 p - 5 curare-tipped needles
 u - 11 poisoned needles
Magical devices
 c - a wand of enslavement (1)
 z - a wand of teleportation (3)
Comestibles
 f - 5 bread rations
 q - 2 apples
 v - 2 chokos
 A - 2 pears
 H - a rambutan
 L - an apricot
Scrolls
 g - 5 scrolls of teleportation
 m - a scroll of blinking
 w - 3 scrolls of fear
 B - 3 scrolls of identify
 D - a scroll of magic mapping
 E - a scroll of enchant armour
 G - a scroll of recharging
 K - a scroll of immolation
Jewellery
 i - a ring of fire (left tentacle)
 J - an amulet of warding (around mantle)
Potions
 o - a potion of degeneration
 I - a potion of speed
Books
 k - a book of the Tempests

   Spells                             Type                      Level
   Static Discharge                   Conjuration/Air              3
   Lightning Bolt                     Conjuration/Air              5
   Fireball                           Conjuration/Fire             5
   Tornado                            Air                          9
   Shatter                            Earth                        9
 y - a book of Changes

   Spells                             Type                      Level
   Beastly Appendage                  Transmutation                1
   Sticks to Snakes                   Transmutation                2
   *Spider Form                       Transmutation/Poison         3
   Ice Form                           Ice/Transmutation            4
   Blade Hands                        Transmutation                5


   Skills:
 - Level 4.3 Fighting
   Level 1.0 Short Blades
 - Level 1.1 Staves
 + Level 5.9 Slings
 + Level 6.5 Dodging
 + Level 8.9 Stealth
 + Level 4.1 Unarmed Combat
 + Level 0.0 Transmutations
 - Level 3.2 Evocations


You had 5 spell levels left.
You knew the following spells:

 Your Spells              Type           Power        Failure   Level  Hunger
a - Spider Form           Trmt/Pois      #.........   61%         3    ####...


Dungeon Overview and Level Annotations

Branches:
Dungeon (7/16)             Temple (1/1) D:4

Altars:
Elyvilon
Fedhas
Kikubaaqudgha
Makhleb
Nemelex Xobeh
Okawaru
Trog
Vehumet
Xom
Yredelemnul
Zin
the Shining One

Shops:
D:6 ([

Annotations:
D:5 July's ghost, average SpEn


Innate Abilities, Weirdness & Mutations

You cannot wear most types of armour.
You are amphibious.
You can wear up to eight rings at the same time.*
You can use your tentacles to constrict many enemies at once.*
Your skin changes colour to match your surroundings (Stlth).*
Your rubbery body absorbs attacks (AC +1).*
Your mind is acute. (Int +2)
You passively map a small area around you.
You are robust (+10% HP).


Message History

Items here: ))) // ??
Firing (i - inventory. (,) - cycle):
a - 43 sling bullets (quivered)
Press: ? - help, Shift-Dir - straight line, f/p - centaur
Aim: a centaur, wielding a bow of frost (almost dead)
You shoot a sling bullet of flame.
The sling bullet of flame hits the hobgoblin.
You kill the hobgoblin!
Yredelemnul accepts your kill.
The centaur shoots an arrow of frost.
The arrow of frost misses you.
Firing (i - inventory. (,) - cycle):
a - 42 sling bullets (quivered)
Press: ? - help, Shift-Dir - straight line, f/p - centaur
Aim: a centaur, wielding a bow of frost (almost dead)
You shoot a sling bullet of flame.
The sling bullet of flame hits the quokka.
You kill the quokka!
Yredelemnul accepts your kill.
The centaur shoots an arrow of frost.
The arrow of frost hits you!
You feel a terrible chill!
You die...
Your body rises from the dead as a mindless zombie.

.#....._.....###.######
.#.#.......#...........
...#.......#.###.#.#.###**
*
.#,##.....##.#.>c..g(r(..,
.#.####.####.#.#(#.#.###**
.#...........#.#(#,#,
.######.#...##.#.# * * .#
#.#.####.#.# .###
#.#.####.#@#, <..#
#.#......#.# ...#
#.########.#, ...#
#.........(# * ...#
*############, * .### ,, ,
,,,, , .# * * , .# , .# ,
* ,,*


You could see a centaur.

Vanquished Creatures
  Prince Ribbit (D:4)
  Edmund (D:4)
  Menkaure (D:6)
  2 sky beasts (D:6)
  A black bear (D:7)
  A phantom (D:5)
  3 centaurs
  2 giant frogs (D:6)
  5 killer bees (D:6)
  A quasit (D:7)
  2 crimson imps
  3 hounds
  2 orc priests
  A centaur skeleton (D:5)
  A jelly (D:6)
  An iguana (D:5)
  A centaur zombie (Ossuary)
  6 orc wizards
  3 scorpions
  4 worker ants
  2 big kobold zombies (Ossuary)
  A hound zombie (D:6)
  4 mummies (Ossuary)
  3 gnolls (D:3)
  8 adders
  A giant mite (D:4)
  2 worms (D:2)
  An adder zombie (D:5)
  3 giant geckos
  3 oozes
  25 orcs
  2 ball pythons
  6 bats
  5 giant cockroaches
  6 hobgoblins
  7 jackals
  A quokka (D:7)
  4 giant newts
  2 goblins
  6 hobgoblin zombies
  A jackal skeleton (D:6)
  12 kobolds
  2 orc skeletons
  6 rats
  2 rat zombies
157 creatures vanquished.

Vanquished Creatures (collateral kills)
  A giant frog (D:6)
  A killer bee (D:6)
  2 orc wizards (D:6)
  A hobgoblin (D:5)
  A quokka (D:6)
6 creatures vanquished.

Vanquished Creatures (others)
  An iguana skeleton (D:6)
1 creature vanquished.

Grand Total: 164 creatures vanquished

Notes
Turn   | Place    | Note
--------------------------------------------------------------
     0 | D:1      | M4edhros, the Octopode Artificer, began the quest for the Orb.
     0 | D:1      | Reached XP level 1. HP: 13/13 MP: 1/1
   425 | D:1      | Reached XP level 2. HP: 18/18 MP: 3/3
   507 | D:2      | Noticed Sigmund
   511 | D:2      | Noticed Sigmund
   511 | D:2      | Sigmund changed into Sigmund the ooze
   514 | D:2      | Killed Sigmund the ooze
   702 | D:2      | Reached skill level 1 in Slings
   702 | D:2      | Reached XP level 3. HP: 15/23 MP: 4/4
  1120 | D:4      | Noticed Prince Ribbit
  1129 | D:4      | Killed Prince Ribbit
  1129 | D:4      | Reached skill level 4 in Stealth
  1129 | D:4      | Reached XP level 4. HP: 6/28 MP: 6/6
  1129 | D:4      | Reached XP level 5. HP: 7/33 MP: 7/7
  1378 | D:4      | Found a staircase to the Ecumenical Temple.
  1405 | Temple   | Entered the Ecumenical Temple
  1464 | Temple   | Became a worshipper of Yredelemnul the Dark
  1502 | D:4      | Reached XP level 6. HP: 27/38 MP: 9/9
  1574 | D:3      | Reached skill level 5 in Stealth
  2891 | D:3      | Acquired Yredelemnul's first power
  3473 | D:4      | Reached XP level 7. HP: 23/43 MP: 10/10
  3618 | D:4      | Noticed Edmund
  3641 | D:4      | Killed Edmund
  3641 | D:4      | Reached skill level 1 in Staves
  3641 | D:4      | Reached skill level 6 in Stealth
  3864 | D:4      | Found an iron altar of Okawaru.
  3869 | D:4      | Learned a level 3 spell: Spider Form
  4145 | D:5      | Entered Level 5 of the Dungeon
  4168 | D:5      | Reached skill level 1 in Unarmed Combat
  4301 | D:5      | Reached skill level 5 in Dodging
  5067 | D:5      | Reached XP level 8. HP: 25/50 MP: 12/12
  5098 | D:5      | Acquired Yredelemnul's second power
  5125 | D:5      | Noticed July's ghost (average SpEn)
  5310 | D:5      | Paralysed by a potion of paralysis for 6 turns
  5813 | D:5      | Noticed a fire drake
  5813 | D:5      | a sky beast changed into a fire drake
  6020 | D:6      | Found a blossoming altar of Fedhas.
  6021 | D:6      | Found an ancient bone altar of Kikubaaqudgha.
  6025 | D:6      | Reached skill level 7 in Stealth
  6249 | D:6      | Noticed Menkaure
  6254 | D:6      | Killed Menkaure
  6462 | D:7      | Reached skill level 5 in Slings
  6682 | D:6      | Found a white marble altar of Elyvilon.
  6707 | D:6      | Found a sand-covered staircase.
  6716 | Ossuary  | Entered an ossuary
  7533 | D:6      | Reached skill level 8 in Stealth
  7533 | D:6      | Reached XP level 9. HP: 47/57 MP: 13/13
  7641 | D:6      | Gained mutation: Your mind is acute. (Int +2) [mutagenic meat]
  7642 | D:6      | Gained mutation: You are robust (+10% HP). [mutagenic meat]
  7643 | D:6      | Gained mutation: You passively map a small area around you. [mutagenic meat]
  7687 | D:6      | Found Sme Shra's Antique Armour Boutique.
  8213 | D:6      | Found a radiant altar of Vehumet.
  8290 | D:6      | Found Klyrcheoj's Antique Weapon Emporium.
  9387 | D:7      | Found a sparkling altar of Nemelex Xobeh.
  9486 | D:7      | Shot with an arrow of frost by a centaur

Action                   |  1- 3 |  4- 6 |  7- 9 || total
-------------------------+-------+-------+-------++-------
Melee: Short sword       |    45 |   106 |    16 ||   167
       Quarterstaff      |       |       |   255 ||   255
 Fire: Sling             |       |       |    45 ||    45
 Cast: Spider Form       |       |       |     1 ||     1
Invok: Animate Remains   |       |       |     1 ||     1
Evoke: Wand              |     6 |    14 |    25 ||    45
  Use: Potion            |     4 |     3 |     7 ||    14
       Scroll            |       |     4 |     7 ||    11
 Stab: Sleeping          |     7 |     4 |    16 ||    27
       Distracted        |       |     1 |       ||     1
       Fleeing           |       |       |     1 ||     1
